Map: Acropolis LE

Players

IIIIIIIIIIII - Winner!

  • Race: Zerg Zerg
  • League: Master
  • Spawn Location: 5:00

pHARM

  • Race: Zerg Zerg
  • League: Platinum
  • Spawn Location: 11:00

VOD

Have the link to the VOD?

Description

Time

  • Played on: Aug. 4, 2019, 4:47 p.m.
  • Length: 15:31
Show
View Real Time Build Order
Export as new Build Order

IIIIIIIIIIII Zerg - Winner!

Build Orders: Pool First 

Get SALT Encoding   

  12  0:02  Drone  
  13  0:08  Drone  
  14  0:16  Overlord  
  14  0:35  Spawning Pool  
  13  0:36  Drone  
  14  0:50  Drone  
  14  0:52  Drone  
  16  1:11  Hatchery  
  16  1:17  Drone x2  
  17  1:21  Extractor  
  16  1:29  Zergling x4  
  18  1:39  Zergling x2  
  19  1:51  Zergling x2  
  20  2:00  Zergling x2  
  21  2:03  Spine Crawler  
  20  2:11  Zergling x2  
  22  2:22  Zergling x2, Queen  
  25  2:32  Spine Crawler  
  25  2:33  Zergling x4  
  25  2:37  Zergling x2  
  27  2:44  Zergling x2  
  28  2:59  Overlord x3  
  28  3:02  Spine Crawler  
  26  3:09  Metabolic Boost  
  26  3:14  Extractor  
  26  3:16  Queen  
  26  3:17  Drone x2  
  29  3:26  Drone x2  
  31  3:40  Baneling Nest  
  30  3:44  Drone x2  
  32  3:48  Drone  
  33  4:07  Drone x2  
  33  4:08  Drone  
  36  4:17  Zergling x10  
  41  4:32  Baneling x2  
  41  4:33  Baneling x3  
  41  4:48  Drone, Hatchery  
  41  4:59  Drone x3  
  44  5:00  Drone  
  44  5:03  Drone  
  40  5:26  Evolution Chamber, Drone x3  
  40  5:27  Drone  
  43  5:29  Evolution Chamber  
  43  5:35  Drone x4  
  46  5:46  Overlord x2  
  46  5:49  Queen  
  46  5:56  Drone x3  
  51  6:00  Drone  
  49  6:13  Baneling x2  
  50  6:25  Drone x2  
  50  6:26  Drone x2  
  53  6:38  Drone x4  
  57  6:41  Drone x4  
  61  6:51  Extractor  
  61  6:52  Zerg Ground Armor Level 1  
  61  6:53  Hatchery, Zerg Melee Weapons Level 1  
  61  6:54  Extractor  
  58  7:08  Drone x7  
  65  7:23  Roach Warren  
  65  7:26  Lair  
  64  7:34  Drone x2  
  64  7:35  Drone x3  
  64  7:36  Extractor  
  68  7:38  Extractor  
  67  7:56  Drone x3  
  67  7:57  Drone  
  67  7:58  Drone x2  
  73  7:59  Overlord x6  
  73  8:00  Overlord x2  
  74  8:05  Drone  
  74  8:24  Infestation Pit  
  74  8:25  Roach  
  74  8:26  Roach x12  
  99  8:36  Roach x4  
  107  8:41  Spine Crawler  
  107  8:42  Spine Crawler  
  107  8:43  Roach x2  
  107  8:44  Roach x4  
  107  8:47  Zerg Missile Weapons Level 1  
  116  8:54  Roach x5  
  124  9:05  Roach x5  
  124  9:06  Roach  
  124  9:08  Roach  
  124  9:09  Roach  
  128  9:28  Hive  
  128  9:30  Hatchery  
  125  9:31  Zerg Ground Armor Level 2  
  125  9:37  Evolution Chamber  
  124  9:49  Drone x5  
  129  9:53  Drone x3  
  106  10:42  Ultralisk Cavern  
  95  10:47  Zergling x14  
  92  10:52  Adrenal Glands  
  92  10:53  Zergling x6  
  92  10:54  Zergling x2  
  92  10:55  Overseer  
  90  11:07  Drone  
  90  11:08  Drone x6  
  97  11:20  Zerg Melee Weapons Level 2  
  97  11:36  Ultralisk  
  97  11:37  Ultralisk x6  
  97  11:38  Chitinous Plating  
  139  11:42  Zergling x2  
  139  11:43  Zergling x8  
  144  11:48  Overlord x2  
  144  11:53  Extractor  
  143  11:58  Drone  
  143  12:00  Overlord x4  
  144  12:03  Extractor  
  144  12:06  Drone x5  
  144  12:07  Drone x2  
  150  12:09  Ultralisk  
  156  12:31  Ultralisk x2, Zergling x2  
  156  12:32  Zergling x12  
  156  12:35  Hatchery  
  174  12:39  Zerg Ground Armor Level 3  
  174  12:47  Zergling x14  
  174  12:48  Zergling x2  
  182  12:56  Anabolic Synthesis  
  182  12:57  Zergling x6  
  182  12:58  Zergling x6  
  188  13:02  Pathogen Glands  
  188  13:04  Zergling x6  
  188  13:05  Zergling x2  
  192  13:07  Overlord x2  
  192  13:08  Overseer  
  192  13:11  Spore Crawler  
  192  13:12  Spine Crawler  
  190  13:24  Zergling x10  
  188  13:31  Zergling x6  
  188  13:32  Zergling x2  
  166  13:49  Ultralisk x5  
  166  13:50  Ultralisk x2  
  166  13:54  Zergling x10  
  177  14:05  Overseer  
  177  14:08  Ultralisk x2  
  189  14:19  Zergling x8  
  189  14:20  Zergling x2  
  194  14:47  Zergling x12  
  200  14:54  Extractor  
  200  14:56  Overseer  
  200  14:57  Extractor  
  198  15:03  Drone x2  
  198  15:04  Overlord x2  
Show
View Real Time Build Order
Export as new Build Order

pHARM Zerg 

Build Orders: Hatch First, Lurkers 

Get SALT Encoding   

  12  0:01  Drone  
  13  0:13  Overlord  
  13  0:16  Drone  
  14  0:32  Drone x2  
  16  0:36  Drone  
  17  0:57  Hatchery  
  17  1:03  Drone  
  17  1:17  Drone x2, Spawning Pool  
  18  1:20  Drone  
  19  1:31  Drone  
  20  1:42  Extractor  
  20  1:44  Drone  
  20  2:05  Queen  
  22  2:09  Zergling x4  
  22  2:14  Zergling x4, Spine Crawler  
  25  2:22  Zergling x2  
  26  2:23  Zergling x2  
  27  2:31  Zergling x2  
  28  3:18  Overlord x2  
  28  3:33  Overlord x2  
  28  3:35  Queen x2  
  28  3:38  Drone x6  
  38  3:58  Metabolic Boost  
  38  4:12  Baneling Nest  
  39  4:19  Drone x5  
  39  4:20  Drone  
  43  4:55  Evolution Chamber  
  43  4:56  Roach Warren  
  43  4:57  Baneling x4  
  41  5:05  Drone x10  
  49  5:19  Baneling  
  49  5:20  Baneling x2  
  47  5:28  Spine Crawler  
  46  5:39  Extractor  
  45  5:55  Lair  
  45  6:02  Extractor  
  45  6:03  Extractor  
  42  6:13  Hatchery, Baneling x3  
  42  6:18  Overlord x2  
  41  6:23  Roach x2  
  45  6:47  Drone  
  45  6:48  Drone x10  
  45  6:51  Zerg Missile Weapons Level 1  
  45  6:52  Glial Reconstitution  
  56  7:00  Overlord x2  
  56  7:07  Roach x5  
  66  7:13  Drone x2  
  68  7:15  Hatchery  
  68  7:16  Hatchery  
  68  7:21  Queen  
  68  7:24  Roach x2  
  68  7:26  Roach  
  68  7:27  Roach x2  
  78  7:35  Roach  
  80  7:45  Roach x2  
  84  7:51  Roach  
  84  7:58  Roach x3  
  92  8:04  Overlord x2  
  92  8:28  Drone x9  
  99  8:48  Roach x2  
  99  8:49  Roach x5  
  111  8:59  Zerg Ground Armor Level 1  
  111  9:09  Drone  
  106  9:10  Drone x13  
  115  9:20  Drone  
  115  9:21  Drone x5, Queen  
  107  9:40  Spine Crawler  
  107  9:41  Spine Crawler  
  107  9:42  Spine Crawler, Extractor  
  107  9:44  Spine Crawler  
  102  9:46  Roach x8, Extractor  
  102  9:47  Roach  
  119  9:57  Overlord x4  
  119  10:15  Roach x6  
  119  10:16  Roach x3  
  131  10:23  Roach  
  131  10:24  Roach x8  
  143  10:34  Roach  
  143  10:35  Roach x2  
  118  10:59  Roach  
  118  11:00  Roach x11  
  138  11:07  Hatchery, Zerg Missile Weapons Level 2  
  138  11:10  Overlord x2  
  137  11:11  Roach  
  137  11:12  Roach x5  
  149  11:28  Infestation Pit  
  149  11:30  Roach x9  
  166  11:38  Hatchery  
  165  11:47  Overseer  
  165  11:52  Overlord x4  
  165  12:16  Hive  
  165  12:23  Hydralisk Den  
  165  12:27  Roach x18  
  200  12:31  Hatchery  
  199  12:58  Grooved Spines  
  199  13:05  Lurker Den  
  198  13:21  Spire  
  187  13:36  Hydralisk x6  
  183  13:51  Roach x3  
  183  13:52  Roach x17  
  183  13:53  Roach x4  
  171  14:00  Roach x2  
  119  14:36  Lurker x2  
  119  14:37  Lurker x4  
  122  14:47  Roach  
  122  14:48  Roach x11  
  146  14:56  Drone  
  146  14:57  Drone x2  
Tags
 
Composition
Lurkers
Matchup
ZvZ
Race
Zerg
Replay Pack
10.7.19
Spawn Locations
Cross Positions
Add a new tag
Caveats
  • Supply blocks, unpowered buildings, or Contaminate may cause inaccurate times.
  • Supply counts are checked every 10 seconds.